 Dungeon Crawl Stone Soup version 0.19-a0-1251-gd6e46da (webtiles) character file.

91 PurpleRed the Conjurer (level 4, 0/24 HPs)
             Began as a Deep Elf Conjurer on Aug 27, 2016.
             Slain by Grinder (1 damage)
             ... on level 4 of the Dungeon.
             The game lasted 00:06:22 (778 turns).

PurpleRed the Conjurer (Deep Elf Conjurer)           Turns: 778, Time: 00:06:23

Health: 0/24       AC:  2    Str:  5    XL:     4   Next: 34%
Magic:  2/12       EV: 13    Int: 21    God:
Gold:   84         SH:  0    Dex: 15    Spells: 2 memorised, 8 levels left

rFire  + . .     SeeInvis .     i - +1 whip (venom)
rCold  . . .     Gourm    .     a - +0 robe
rNeg   . . .     Faith    .     (no shield)
rPois  .         Spirit   .     (no helmet)
rElec  .         Dismiss  .     (no cloak)
rCorr  .         Reflect  .     (no gloves)
MR     .....     Harm     .     (no boots)
Stlth  ++........               (no amulet)
                                (no ring)
                                j - ring of protection from fire

@: no status effects
A: talons 1
a: no special abilities


You were on level 4 of the Dungeon.
You were not hungry.

You visited 1 branch of the dungeon, and saw 4 of its levels.

You collected 84 gold pieces.

Inventory:

Hand Weapons
 f - a +0 club
 i - a +1 whip of venom (weapon)
 l - a +0 dagger of venom
Armour
 a - a +0 robe (worn)
Jewellery
 j - a ring of protection from fire (left hand)
Potions
 g - a potion of haste
Books
 b - a book of Conjurations

   Spells                             Type                      Level
   a - Magic Dart                     Conjuration                  1
   b - Searing Ray                    Conjuration                  2
   c - Dazzling Spray                 Conjuration/Hexes            3
   d - Fulminant Prism                Conjuration/Hexes            4
   e - Iskenderun's Mystic Blast      Conjuration                  4
   f - Iskenderun's Battlesphere      Conjuration/Charms           5
Comestibles
 c - 2 bread rations


   Skills:
 - Level 2.4 Dodging
 - Level 2.4 Stealth
 + Level 4.2 Spellcasting
 * Level 5.9 Conjurations


You had 8 spell levels left.
You knew the following spells:

 Your Spells              Type           Power        Failure   Level  Hunger
a - Magic Dart            Conj           ####         1%          1    None
b - Searing Ray           Conj           ####..       1%          2    #......


Dungeon Overview and Level Annotations

Branches:
Dungeon (4/15)
 Temple: D:4-7

Altars:
Kikubaaqudgha
Okawaru

Annotations:
D:4 Grinder


Innate Abilities, Weirdness & Mutations

You have sharp toenails.


Message History

Aim: Grinder, carrying a wand of digging {zapped: 1} The searing ray hits Grinder.
Grinder is lightly wounded.
The giant gecko barely misses you. Grinder hits you but does no damage.
The giant gecko completely misses you.
The searing ray hits Grinder.
Grinder is lightly wounded.
Grinder hits you.
* * * LOW HITPOINT WARNING * * *
You writhe in agony.
* * * LOW HITPOINT WARNING * * *
The giant gecko misses you.
The searing ray misses Grinder.
Grinder closely misses you. The giant gecko closely misses you.
The searing ray hits Grinder.
Grinder is moderately wounded.
You finish channeling your searing ray.
Grinder hits you.
* * * LOW HITPOINT WARNING * * *
You writhe in agony.
You die...

,,,* **,,* *#..###..,,,,,,, *,,*
**,..** *#..#..*******, *,,*
**,,...* *#...#* *,,
*,,***,,,...#* *#..# ***,,
**,,,,,,,,...#* #..###**,,,,
**,,,,,,,,*#..##* ##...<##.,,,,
,,,,,,,,,,**#...#####............
,,,,,,,,,,* *#....#(...###.......
,,,,,,,,,,** *#.@5[.#..# *###...#
,,,*,,,,,,,* ##(l##.#.#* *,.##
*,***,,,,,,* ##(## ##..# **,# ,,*
***..,,* ##.(# ##.# *,* ,**
*....###..#. *.# *,* **
*,**#...(.## *## *** *,* ####.##
*** ##.# *##


You could see Grinder and a giant gecko.

Vanquished Creatures
  The ghost of PurpleRed the Conjurer, a weakling DECj (D:3)
  An adder (D:3)
  An ooze (D:1)
  2 worms (D:3)
  A dart slug (D:2)
  5 orcs (D:4)
  A ball python (D:3)
  A giant cockroach (D:3)
  2 goblins (D:1)
  3 hobgoblins (D:3)
  2 jackals (D:1)
  6 bats
  3 giant newts
  2 kobolds
  3 rats
34 creatures vanquished.

Notes
Turn   | Place    | Note
-------+----------+-------------------------------------------
     0 | D:1      | PurpleRed the Deep Elf Conjurer began the quest for the Orb.
     0 | D:1      | Reached XP level 1. HP: 10/10 MP: 6/6
   147 | D:1      | Reached XP level 2. HP: 9/15 MP: 4/8
   151 | D:1      | Learned a level 2 spell: Searing Ray
   347 | D:2      | Reached skill level 5 in Conjurations
   394 | D:3      | Reached XP level 3. HP: 8/19 MP: 5/10
   482 | D:3      | Noticed PurpleRed's ghost (weakling DECj)
   512 | D:3      | Killed PurpleRed's ghost
   547 | D:3      | Reached XP level 4. HP: 18/24 MP: 8/12
   557 | D:3      | Found an ancient bone altar of Kikubaaqudgha.
   557 | D:3      | Found an iron altar of Okawaru.
   753 | D:4      | Gained mutation: You have sharp toenails. [potion of beneficial mutation]
   763 | D:4      | Noticed Grinder
   768 | D:4      | Paralysed by Grinder for 7 turns
   778 | D:4      | HP: 1/24 [Grinder (1)]
   778 | D:4      | Slain by Grinder

Vault maps used:
D:1:      dpeg_arrival_concentric_ovals
D:2:      serial_aquarium, aquarium_bridge_long_joined, aquarium_window_fake,
          aquarium_window_fake, aquarium_view_2d, aquarium_balcony_1b,
          aquarium_pool_1
D:3:      gammafunk_temple_overflow_elements, uniq_jessica
D:4:      lemuel_blue_sif_altar, first_bread, serial_shops,
          nicolae_shop_waterfront,
          nicolae_gozag_cash_rules_everything_around_me, uniq_grinder

Skill      XL: |  1  2  3 |
---------------+----------+-----
Conjurations   | 5 |  5.9
Spellcasting   | 4 |  4.2
Dodging        | |  2.4
Stealth        | |  2.4

Action                   |  1- 3 |  4- 6 || total
-------------------------+-------+-------++-------
Melee: Whip              |     8 |     4 ||    12
 Cast: Magic Dart        |    34 |    12 ||    46
       Searing Ray       |     2 |     4 ||     6
  Use: Scroll            |       |     4 ||     4
       Potion            |       |     1 ||     1
 Stab: Sleeping          |     1 |     1 ||     2
Armor: Robe              |     8 |     1 ||     9
Dodge: Dodged            |    24 |    11 ||    35
